[Event "*** Titled Tuesday 3|2 Blitz"]
[Site "Chess.com"]
[Date "2016.10.04"]
[Round "7"]
[White "Shivagami"]
[Black "SwiftyMcBishop"]
[Result "1-0"]
[WhiteElo "1960"]
[BlackElo "2072"]
[TimeControl "180+2"]
[EndTime "18:30:04 PDT"]
[Termination "Shivagami won by resignation"]

1. e4 d5 2. Nc3 dxe4 3. Nxe4 Bf5 4.
Ng3 Bg6 5. Nf3 e6 6. d4 Nf6 7. Bd3 c5 8. Bxg6 hxg6 9. O-O Nc6 10. Be3 cxd4 11. Nxd4 Nxd4 12. Bxd4 Bd6 13. Qd3 Qd7 14.
Rad1 O-O-O 15. Bxa7 Qa4 16. Qc3+ Qc6 17. Qxc6+ bxc6 18. Bb6 Rd7 19. Rd3 Ng4 20. h3 Ne5 21. Rc3 Rb7 22.
Bd4 Kc7 23. f4 Nd7 24. Bxg7 Rg8 25. Bd4 Rb4 26. Ne2 c5 27. b3 Kb7 28. Be3 Re4 29. Rd1 Kc7 30. Ng3 Rb4 31. a3 Rb6 32. Ne4 Rc8 33.
b4 f5 34. bxc5 fxe4 35. cxb6+ Kb7 36. Rxc8 Kxc8 37. Rxd6 Nf6 38. Rxe6 Nd5 39. Rxe4 Kb7 40. Re6 Nc3 41. Re7+ Ka6 42. b7 Nd5 43. b8=Q Nxe7 44. Qd6+ 1-0

[Event "*** Titled Tuesday 3|2 Blitz"]
[Site "Chess.com"]
[Date "2016.10.04"]
[Round "7"]
[White "MattyDPerrine"]
[Black "gmshanmeruga"]
[Result "0-1"]
[WhiteElo "2253"]
[BlackElo "2311"]
[TimeControl "180+2"]
[EndTime "18:30:18 PDT"]
[Termination "gmshanmeruga won on time"]

1. d4 f5 2. Nf3 Nf6 3. c4 e6 4.
Nc3 c6 5. Qc2 d5 6. Bg5 Nbd7 7.
cxd5 cxd5 8. a3 Be7 9. Nb5 Qa5+ 10.
Nc3 b5 11. Nd2 b4 12. Nb3 Qc7 13. axb4 Bxb4 14. Rc1 O-O 15. e3 Ne4 16. Bf4 e5 17. dxe5 g5 18. e6 gxf4 19. exd7 fxe3 20. fxe3 Bxd7 21.
Bd3 Qb6 22. O-O Qxe3+ 23. Kh1 Rac8 24. Bxe4 dxe4 25. Qd1 Be6 26. Nd5 Rxc1 27. Nxc1 Qd2 28. Nf4 Bc4 29. Rg1 Qxf4 30. Qd4 Rc8 31. b3 Bd6 32. g3 Qf3+ 33. Rg2 Bf7 34. Ne2 Bf8 35.
h4 Rc2 36. Qd1 Bxb3 37. Qb1 Rxe2 0-1

[Event "*** Titled Tuesday 3|2 Blitz"]
[Site "Chess.com"]
[Date "2016.10.04"]
[Round "7"]
[White "johnathan113"]
[Black "AdrianaNikolova"]
[Result "1-0"]
[WhiteElo "2290"]
[BlackElo "2242"]
[TimeControl "180+2"]
[EndTime "18:30:25 PDT"]
[Termination "johnathan113 won by resignation"]

1. e4 c5 2. a3 Nc6 3. b4 cxb4 4.
axb4 Nxb4 5. Ra4 Nc6 6. d4 d5 7. exd5 Qxd5 8. Nc3 Qd8 9. d5 Ne5 10. Qd4 Nd7 11. Bf4 Qb6 12. Nb5 Qxd4 13. Rxd4 Kd8 14. Bc7+ Ke8 15. Bg3 Kd8 16. Nc7 Rb8 17. Nf3 g6 18.
Ng5 Nh6 19. Nce6+ fxe6 20. dxe6 Nf5 21. Rxd7+ Bxd7 22. Bxb8 Be8 23. g4 Bh6 24. Nf7+ Bxf7 25. exf7 Nd6 26. Bxa7 Rf8 27. Bb6+ Kd7 28. c4 Rxf7 29. c5 Ne4 30. Bb5+ Kc8 31. O-O Nd2 32. Rd1 Rf4 33. h3 Rd4 34. Kg2 Bf4 35. Ra1 Bb8 36. Ra8 Nc4 37. Ba7 Na3 38. Rxb8+ Kc7 39. Bf1 Rd8 40.
Rxd8 Kxd8 41. Bd3 Kc7 42. Bb6+ Kc6 43. Bd8 Kxc5 44. Bxe7+ Kd4 45. Bxg6 hxg6 46. Bxa3 b6 47. h4 b5 48. h5 gxh5 49. gxh5 Ke5 50. Kg3 Kf6 51.
Kg4 Kg7 52. Bb4 Kh7 53. Kg5 Kg8 54. Kg6 Kh8 55. h6 Kg8 56. h7+ 1-0

[Event "*** Titled Tuesday 3|2 Blitz"]
[Site "Chess.com"]
[Date "2016.10.04"]
[Round "7"]
[White "spirals5"]
[Black "FLchessplayer"]
[Result "1-0"]
[WhiteElo "2270"]
[BlackElo "2010"]
[TimeControl "180+2"]
[EndTime "18:30:40 PDT"]
[Termination "spirals5 won by resignation"]

1. e4 c5 2. Nc3 Nc6 3. g3 g5 4. Bg2 h6 5. d3 d6 6. h4 g4 7. h5 Bg7 8. Nge2 Nf6 9. Nf4 e6 10. O-O a6 11. a4 Rb8 12. Be3 e5 13. Nfd5 Nxh5 14. Qd2 Nf6 15. Nxf6+ Qxf6 16. Nd5 Qd8 17.
c3 Be6 18. f3 h5 19. fxg4 hxg4 20. Bg5 Qc8 21. Nf6+ Kf8 22. Qf2 Qc7 23. a5 Rd8 24. Nd5 Qc8 25. Bf6 Bxf6 26. Qxf6 Rh7 27. Rf2 Re8 28.
Raf1 Qd8 29. Qxd8 Rxd8 30. Nf6 Rh6 31. Ra1 Kg7 32. Nd5 Rdh8 33. Ne3 Ne7 34. Rd1 Nc6 35. Ra1 Ne7 36. Ra4 Rf6 37. Rxf6 Kxf6 38. d4 Nc6 39. d5 Na7 40. dxe6 fxe6 41. b4 Nb5 42. bxc5 Nxc3 43. Rc4 Ne2+ 44. Kf2 Nd4 45. cxd6 Rd8 46. Nxg4+ Kg5 47.
Nxe5 Rxd6 48. Rxd4 Kf6 49. Rxd6 1-0

[Event "*** Titled Tuesday 3|2 Blitz"]
[Site "Chess.com"]
[Date "2016.10.04"]
[Round "7"]
[White "3ptdka"]
[Black "Noukii"]
[Result "0-1"]
[WhiteElo "2078"]
[BlackElo "2592"]
[TimeControl "180+2"]
[EndTime "18:30:50 PDT"]
[Termination "Noukii won by resignation"]

1. d4 Nf6 2. c4 c6 3. Nc3 d5 4.
Nf3 dxc4 5. a4 Bg4 6. Ne5 Bh5 7. Nxc4 e6 8. Qb3 Na6 9. e3 Nb4 10. Be2 Bg6 11. Na3 Be7 12. O-O O-O 13. Na2 a5 14. Nxb4 axb4 15. Nc2 Nd5 16. Bd2 Qb6 17. Rfc1 Rfd8 18.
Bc4 c5 19. dxc5 Bxc5 20. Be1 h5 21. Rd1 h4 22. Bxd5 exd5 23. Nd4 h3 24. gxh3 Qf6 25.
f3 Re8 26. Bf2 Re5 27. Rac1 Bd6 28. f4 Rh5 29. Bg3 Be4 30. Rd2 Rxh3 31. Kf2 g5 32. Rg1 Kh7 33. f5 Bxg3+ 34. hxg3 Rc8 35. g4 Qe5 36.
Ke1 Rc1+ 37. Rd1 Qh2 38. Rf1 Rc4 39. Rf2 Qg3 40. Ne2 Rh1+ 41. Kd2 Qxf2 42. Rxh1+ Kg7 43.
Re1 Rc2+ 44. Qxc2 Bxc2 45. Kxc2 Qxe1 0-1

[Event "*** Titled Tuesday 3|2 Blitz"]
[Site "Chess.com"]
[Date "2016.10.04"]
[Round "7"]
[White "Tarlev_Konstantin"]
[Black "Izoria123"]
[Result "1-0"]
[WhiteElo "2589"]
[BlackElo "2560"]
[TimeControl "180+2"]
[EndTime "18:30:58 PDT"]
[Termination "Tarlev_Konstantin won by resignation"]

1. e4 c6 2. d4 d5 3. e5 Bf5 4.
Nf3 e6 5. Nbd2 Bb4 6. Be2 Nd7 7.
O-O Ba5 8. b3 Ne7 9. Ba3 Bc3 10.
Rc1 Qa5 11. Nb1 Bb4 12. Bxb4 Qxb4 13. Nh4 c5 14. c4 Bxb1 15. Rxb1 O-O 16. Nf3 Rfd8 17.
dxc5 Nxc5 18. Qc1 dxc4 19. Qxc4 Qxc4 20. Bxc4 a6 21. Rbc1 Nc6 22. Rfd1 Nb4 23. a3 Na2 24. Rxd8+ Rxd8 25. Rc2 Rd1+ 26. Bf1 Nc1 27. b4 Nd7 28. Rc8+ Nf8 29. g3 h6 30. Kg2 g5 31. h3 Kg7 32.
Rc7 b5 33. Ra7 Ng6 34. Rxa6 Nd3 35. Rb6 Ndxe5 36. Nxe5 Nxe5 37. Rxb5 Kf6 38. a4 Ra1 39. a5 Ra2 40. a6 g4 41. hxg4 Nxg4 42. Ra5 Rxf2+ 43.
Kg1 1-0

[Event "*** Titled Tuesday 3|2 Blitz"]
[Site "Chess.com"]
[Date "2016.10.04"]
[Round "7"]
[White "bugsbunny444"]
[Black "jk13"]
[Result "0-1"]
[WhiteElo "2342"]
[BlackElo "2486"]
[TimeControl "180+2"]
[EndTime "18:30:58 PDT"]
[Termination "jk13 won on time"]

1. Nf3 Nf6 2. c4 e6 3. g3 d5 4.
Bg2 dxc4 5. Qc2 c6 6. Ne5 Be7 7.
Na3 Nbd7 8. Nxd7 Bxd7 9. Nxc4 O-O 10. O-O Rc8 11. d3 b5 12. Ne5 c5 13. a4 bxa4 14. Nxd7 Nxd7 15. Rxa4 Qb6 16. Be3 Bf6 17. b4 Bd4 18. bxc5 Bxe3 19. cxb6 Rxc2 20. bxa7 Bxa7 21. Rxa7 Ne5 22. d4 Nc4 23. Rc7 Rd8 24. Ra1 Ne3 25. Rd7 Rf8 26. fxe3 Rxe2 27. Ra3 Rb8 28. Rb7 Rc8 29.
Rc7 Rb8 30. Bb7 g6 31. Rc8+ Rxc8 32. Bxc8 h5 33. Ba6 Rb2 34. h3 Kg7 35. Bf1 Kf6 36.
Ra7 Rd2 37. Rb7 g5 38. g4 hxg4 39. hxg4 Kg6 40. Rb3 f5 41. Rb6 Kf6 42. Bc4 fxg4 43. Bxe6 g3 44. Bd5+ Kf5 45. Rb7 Kg4 46. Be6+ Kf3 47.
Rf7+ Kxe3 48. d5 Ke4 49. Rf8 Ke3 50. Rf5 g4 51. Rf7 Ke4 52. Rf6 Ke3 53. Rg6 Kf4 54. Rxg4+ Kf3 0-1

[Event "*** Titled Tuesday 3|2 Blitz"]
[Site "Chess.com"]
[Date "2016.10.04"]
[Round "7"]
[White "agser"]
[Black "Kubas1010"]
[Result "1/2-1/2"]
[WhiteElo "2516"]
[BlackElo "2451"]
[TimeControl "180+2"]
[EndTime "18:31:07 PDT"]
[Termination "Game drawn - insufficient material"]

1. d4 d5 2. c4 e6 3. Nc3 Be7 4. Nf3 Nf6 5. Qc2 O-O 6. Bg5 Na6 7. e3 Nb4 8. Qb3 c5 9. dxc5 Qa5 10. a3 Na6 11. cxd5 exd5 12. Bxa6 Qxa6 13. Qb5 Qxb5 14. Nxb5 Bxc5 15. Bxf6 gxf6 16. Nc7 Rb8 17. Nxd5 Kg7 18. O-O Be6 19. Nf4 Rfd8 20. Nxe6+ fxe6 21.
Rfd1 a5 22. Kf1 a4 23. Ke2 f5 24. Rxd8 Rxd8 25. Rd1 Rxd1 26. Kxd1 Kf6 27. Ke2 e5 28.
Nd2 Ke6 29. Kd3 b5 30. f3 Kd5 31. e4+ fxe4+ 32. Nxe4 Bd4 33. Nf6+ Ke6 34. Ne8 Kd7 35.
Nf6+ Ke6 36. Nxh7 Bxb2 37. Ng5+ Kf5 38. Ne4 Bxa3 39. Nc3 b4 40. Nxa4 b3 41. Kc3 e4 42.
fxe4+ Kxe4 43. Kxb3 Bd6 44. Nc3+ Ke3 45. h3 Kf4 46. Ne2+ Ke3 47. Nc3 Kf4 48. Ne2+ Ke3 49. Nc1 Bg3 50. Kc2 Kf2 51. h4 Bxh4 52. g4 Kg3 53.
Nd3 Kxg4 54. Nf4 Kxf4 1/2-1/2

[Event "*** Titled Tuesday 3|2 Blitz"]
[Site "Chess.com"]
[Date "2016.10.04"]
[Round "7"]
[White "chessking2151"]
[Black "Scott-fox21"]
[Result "1-0"]
[WhiteElo "2346"]
[BlackElo "2163"]
[TimeControl "180+2"]
[EndTime "18:31:15 PDT"]
[Termination "chessking2151 won by resignation"]

1. e4 c5 2. c3 d5 3. exd5 Nf6 4.
Qa4+ Nbd7 5. c4 g6 6. Nc3 Bg7 7. d3 O-O 8. Be3 a6 9. Nf3 Rb8 10. Qc2 b5 11. Be2 b4 12. Ne4 Qa5 13. Bd2 Qb6 14.
Bd1 e6 15. dxe6 Qxe6 16. O-O Nxe4 17. dxe4 Bb7 18. Re1 Nb6 19. Rc1 Rbd8 20. Bg5 Rd7 21. Qe2 Re8 22. Be3 Qxe4 23. Bxc5 Qxe2 24. Rxe2 Rxe2 25. Bxe2 Bxb2 26. Rb1 Na4 27. Bxb4 Kg7 28. h4 Bf6 29. h5 Be4 30. Rb3 gxh5 31. Nd2 Bg6 32.
c5 Nb2 33. c6 Rc7 34. Bf3 Be5 35. Ba5 Rc8 36. Rb7 Nd3 37. Nc4 Bf4 38. g3 Bb8 39. c7 Bxc7 40. Rxc7 Rb8 41. Nb6 Ne5 42. Bd5 Rd8 43. Bc3 Kf6 44. f3 Bd3 45. f4 Kf5 46.
Bxe5 Kg4 47. Rxf7 Kh3 48. Bg2+ Kxg3 49. f5+ Kg4 50. f6 Bg6 51. Rd7 Rb8 52. Rd4+ Be4 53. Bxb8 h4 54. Rxe4+ Kh5 55. f7 1-0

[Event "*** Titled Tuesday 3|2 Blitz"]
[Site "Chess.com"]
[Date "2016.10.04"]
[Round "7"]
[White "jcibarra"]
[Black "maciek_92"]
[Result "0-1"]
[WhiteElo "2669"]
[BlackElo "2631"]
[TimeControl "180+2"]
[EndTime "18:31:31 PDT"]
[Termination "maciek_92 won by resignation"]

1. e4 c5 2. Nf3 e6 3. d4 cxd4 4. Nxd4 Nc6 5. Nc3 a6 6. g3 Nf6 7.
Bg2 Qc7 8. O-O Be7 9. Re1 O-O 10. Nxc6 dxc6 11. e5 Rd8 12. Qf3 Nd5 13. a3 b5 14. h4 Bb7 15. Bg5 Bxg5 16. hxg5 Nxc3 17. Qxc3 c5 18. Rad1 Bxg2 19. Kxg2 c4 20. Qf3 Rxd1 21.
Qxa8+ Qd8 22. Qxd8+ Rxd8 23. Kf3 Rd5 24. Re2 h6 25.
gxh6 gxh6 26. Ke4 Kg7 27. f4 Rd1 28. c3 h5 29. f5 Rg1 30. f6+ Kg6 31. Kf3 Rf1+ 32.
Kg2 Rd1 33. Kh3 Kg5 34. Kg2 Rd3 35. a4 Kf5 36. axb5 axb5 37. Kh3 Kg5 38. Re4 Rd2 39. b3 cxb3 40. Rb4 b2 41. Rxb5 Rc2 42. c4 Kf5 43. Rb7 Kxe5 44. Kh4 Kf5 45. Kh3 Kxf6 46. c5 Rxc5 47.
Rxb2 Kg6 48. Rb8 Rg5 49. Rg8+ Kf6 50. Rh8 Kf5 51. Kh4 f6 52. Rh6 e5 53. Rh8 e4 54.
Ra8 Rg4+ 55. Kh3 e3 56. Ra5+ Kg6 57. Ra2 Re4 58. Re2 Kg5 59. Rxe3 Rxe3 0-1

[Event "*** Titled Tuesday 3|2 Blitz"]
[Site "Chess.com"]
[Date "2016.10.04"]
[Round "7"]
[White "rithwik2002"]
[Black "AllStarShark"]
[Result "0-1"]
[WhiteElo "1974"]
[BlackElo "2280"]
[TimeControl "180+2"]
[EndTime "18:31:31 PDT"]
[Termination "AllStarShark won by checkmate"]

1. e4 c6 2. Nc3 d5 3. Nf3 Bg4 4. h3 Bxf3 5. Qxf3 e6 6. d3 Nd7 7.
Bd2 Ngf6 8. g4 h6 9. O-O-O a6 10. Qg3 b5 11. e5 Ng8 12. f4 b4 13. Ne2 a5 14. f5 a4 15. fxe6 fxe6 16. Nf4 b3 17.
cxb3 axb3 18. a3 Bxa3 19. bxa3 Rxa3 20. Bc3 Ra2 21. Rh2 Qe7 22. Bb2 Qc5+ 23. Kb1 Kf7 24.
Rf2 Ngf6 25. exf6 g5 26. d4 Qa5 27. Nd3 Ra8 28. Kc1 c5 29. Qd6 Qd8 30. Ne5+ Nxe5 31. Qxd8 Rxd8 32. dxe5 c4 33. Bd4 Rda8 34. Rxa2 Rxa2 35.
Kb1 Rh2 36. Bb2 Rc2 37. Rc1 Rf2 38. Re1 Rc2 39. Rd1 c3 40. Bxc3 Rxc3 41. Rc1 Re3 42. Rc7+ Kf8 43. Bb5 Rxe5 44. Rh7 d4 45. Bd7 d3 46. f7 d2 47. Be8 d1=Q+ 48. Kb2 Qc2+ 49. Ka3 Qa2+ 50. Kb4 Qa5+ 51. Kxb3 Re3+ 52. Kc4 Qd5+ 53. Kb4 Rb3+ 54. Ka4 Qc4+ 55. Ka5 Qb4+ 56. Ka6 Qb6# 0-1

[Event "*** Titled Tuesday 3|2 Blitz"]
[Site "Chess.com"]
[Date "2016.10.04"]
[Round "7"]
[White "GGuseinov"]
[Black "Newlight1"]
[Result "0-1"]
[WhiteElo "2584"]
[BlackElo "2538"]
[TimeControl "180+2"]
[EndTime "18:31:33 PDT"]
[Termination "Newlight1 won on time"]

1. e4 c5 2. Nf3 d6 3. d4 cxd4 4. Nxd4 Nf6 5. Nc3 a6 6. Bg5 Nbd7 7. Qe2 e6 8. O-O-O b5 9. f4 Qc7 10. f5 b4 11. fxe6 bxc3 12. exd7+ Bxd7 13. Qc4 cxb2+ 14. Kb1 Qa7 15. Bxf6 gxf6 16. Qd5 Rd8 17. Bc4 Ba4 18. Rhf1 Rc8 19. Rxf6 Rc5 20. Rxf7 Bd7 21. Rxd7 Qxd7 22. Qa8+ Qc8 23. Qxc8+ Rxc8 24. Bxa6 Rc7 25. Nf5 Kd8 26. g3 Kd7 27. a4 Ke6 28. Rd5 Be7 29. Nd4+ Kf7 30.
Bb5 Rhc8 31. a5 Bf6 32. Nf5 Rxc2 33. Nxd6+ Kf8 34. e5 R8c3 35. Nc4 Rxh2 36. Rd1 Bxe5 37. Nxe5 Ra3 38. Rd8+ Kg7 39. Rd7+ Kf8 40. Rd8+ Kg7 41.
Rd7+ Kh8 0-1

[Event "*** Titled Tuesday 3|2 Blitz"]
[Site "Chess.com"]
[Date "2016.10.04"]
[Round "7"]
[White "theprosecution1"]
[Black "ShimanovAlex"]
[Result "1-0"]
[WhiteElo "2495"]
[BlackElo "2586"]
[TimeControl "180+2"]
[EndTime "18:31:54 PDT"]
[Termination "theprosecution1 won by checkmate"]

1. e4 c6 2. d4 d5 3. exd5 cxd5 4. c4 Nf6 5. Nc3 Nc6 6. Bg5 dxc4 7. Bxc4 h6 8. Be3 e6 9. Nf3 Bd6 10. h3 O-O 11. O-O Ne7 12. a3 b6 13.
Re1 Bb7 14. Qe2 Ned5 15. Rad1 Rc8 16. Ba2 Nxc3 17. bxc3 Rxc3 18. Ne5 Bd5 19. Bb1 Bxa3 20. Bd2 Rb3 21. Bc2 Rb2 22. Qd3 Rxc2 23. Qxc2 Qa8 24. f3 Rc8 25. Qd3 Qb7 26. Ra1 Bd6 27. h4 b5 28.
Reb1 b4 29. Qa6 Qxa6 30. Rxa6 Bf8 31. Rxa7 b3 32. Nd3 Bd6 33. Bb4 Bg3 34. Be1 Bb8 35.
Ra3 Bd6 36. Bb4 Bg3 37. Be1 Bxe1 38. Rxe1 g5 39. hxg5 hxg5 40. Nc5 Rb8 41. Rb1 b2 42. Nd3 Rc8 43. Rxb2 Rc4 44. Rb4 Rc2 45. Ra7 g4 46. Ne5 g3 47. Rb1 Ba2 48. Rb8+ Kg7 49. Rxf7+ Kh6 50. Kf1 Nd5 51. Ng4+ Kg6 52. Ra7 Bc4+ 53.
Ke1 Nc3 54. Rg8+ Kf5 55. Ne3+ Kf4 56. Nxc2 Nd5 57. Rg4+ Kf5 58. Rf7+ Nf6 59. Ne3# 1-0

[Event "*** Titled Tuesday 3|2 Blitz"]
[Site "Chess.com"]
[Date "2016.10.04"]
[Round "7"]
[White "jlandaw"]
[Black "Joshukid"]
[Result "1/2-1/2"]
[WhiteElo "2322"]
[BlackElo "2368"]
[TimeControl "180+2"]
[EndTime "18:32:06 PDT"]
[Termination "Game drawn by agreement"]

1. e4 c5 2. Nc3 e6 3. g3 a6 4. Bg2 b5 5. d3 Nc6 6. a3 g6 7. Be3 Bb7 8. Nge2 d6 9. d4 cxd4 10.
Nxd4 Bg7 11. Qd2 Nxd4 12. Bxd4 Nf6 13. O-O-O O-O 14. Be3 Ng4 15. Bf4 e5 16. Bg5 f6 17.
Be3 Nxe3 18. Qxe3 Qc7 19. Nd5 Qc5 20. Ne7+ Kh8 21. Qxc5 dxc5 22. Rd7 Rab8 23. Rhd1 f5 24. Rc7 Bxe4 25. f3 Rb7 26. Rdd7 Rxc7 27. Rxc7 Ba8 28.
Rxc5 e4 29. fxe4 fxe4 30. Rc8 Rxc8 31. Nxc8 Be5 32. c3 Kg7 33. Nb6 Bc6 34. c4 Kf6 35.
Nd5+ Bxd5 36. cxd5 Kf5 37. Bh3+ Kf6 38. b3 Bd6 39. a4 Ke5 40. Be6 bxa4 41. bxa4 a5 42. Kd2 Kd4 43. Ke2 g5 44. Bg8 h5 45. Be6 h4 46. gxh4 gxh4 47. h3 Bf4 48. Bf7 Ke5 49.
Be6 Kd6 50. Bf7 Ke7 51. Be6 Kf6 52. Kf2 Bd6 53. Ke3 Ke5 54. Ke2 Kd4 55. Bf7 Be5 56. Be6 Bd6 57. Bf7 Bc5 58. Be6 Ke5 59. Bf7 Kf6 60. Be6 Ke7 61. Kd2 Kd6 62. Ke2 Ke5 63. Kd2 Kf4 64. Ke2 Kg3 65. Bg4 Kf4 66. Be6 Ke5 67. Bf7 Kd4 68. Be6 Kc3 69. Bf7 Kb4 70. Be8 Kc4 71. Bf7 Kb4 72. Be8 Kb3 73. Kd2 e3+ 74.
Kd3 Kb2 75. d6 Bxd6 76. Kxe3 Kb3 77. Kf3 Bg3 78. Kg4 1/2-1/2

[Event "*** Titled Tuesday 3|2 Blitz"]
[Site "Chess.com"]
[Date "2016.10.04"]
[Round "7"]
[White "Po6Don"]
[Black "cheese111"]
[Result "0-1"]
[WhiteElo "2098"]
[BlackElo "2297"]
[TimeControl "180+2"]
[EndTime "18:32:08 PDT"]
[Termination "cheese111 won on time"]

1. e4 d5 2. exd5 Nf6 3. d4 Bg4 4. Be2 Bxe2 5. Qxe2 Qxd5 6. Nf3 e6 7. c4 Qh5 8. d5 Bc5 9. Bg5 Ng4 10. O-O O-O 11.
h3 Nxf2 12. Rxf2 Bxf2+ 13. Qxf2 exd5 14. cxd5 h6 15. Bf4 Qxd5 16. Bxc7 Na6 17. Nc3 Qc5 18. Qxc5 Nxc5 19. Bd6 Rfc8 20. Bxc5 Rxc5 21. Rd1 Rac8 22. Rd7 R5c7 23. Rd2 Kf8 24. Kf2 Re8 25. a4 a6 26.
Rd6 f6 27. Nd4 Kf7 28. Rd5 Ree7 29. Nf5 Red7 30. Rxd7+ Rxd7 31. Ke3 h5 32. b4 g6 33.
Nd4 Re7+ 34. Kd3 Re1 35. Ne4 Ke7 36. Nc5 Rg1 37. Nxb7 Rxg2 38. Nc5 Rg3+ 39. Kc4 Rxh3 40. Nxa6 h4 41. b5 Rh1 42. b6 Rc1+ 43. Kd5 Rb1 44.
Nb5 h3 45. b7 h2 46. b8=Q h1=Q+ 47. Kc5 Qg1+ 48. Kc6 Rc1+ 49. Kb7 Qg2+ 50. Ka7 Qf2+ 51. Qb6 Qxb6+ 52. Kxb6 g5 53. Nc5 g4 54. Ne4 f5 55.
Nf2 g3 56. Nd3 g2 57. Nxc1 g1=Q+ 0-1

[Event "*** Titled Tuesday 3|2 Blitz"]
[Site "Chess.com"]
[Date "2016.10.04"]
[Round "7"]
[White "brightthunder"]
[Black "talaicito"]
[Result "1-0"]
[WhiteElo "2297"]
[BlackElo "1977"]
[TimeControl "180+2"]
[EndTime "18:32:12 PDT"]
[Termination "brightthunder won by resignation"]

1. e4 e6 2. d4 d5 3. Nc3 Bb4 4. e5 Ne7 5. a3 Bxc3+ 6. bxc3 c5 7. Nf3 Qa5 8. Bd2 Qa4 9. Bd3 Nbc6 10. dxc5 Ng6 11.
O-O Ngxe5 12. Nxe5 Nxe5 13. Be3 O-O 14. Bxh7+ Kxh7 15. Qh5+ Kg8 16. Qxe5 Bd7 17. f4 f6 18. Qh5 Qxc2 19. Bd4 Be8 20. Qh4 Bg6 21. Rf2 Qe4 22. Rf3 Rac8 23. Re1 Qf5 24. Qf2 Rce8 25. h3 Qh5 26.
Qg3 Be4 27. Rf2 e5 28. fxe5 fxe5 29. Rxf8+ Kxf8 30. Rf1+ Kg8 31. Be3 Qg6 32. Bg5 d4 33. cxd4 exd4 34. h4 d3 35. Qd6 Qxd6 36. cxd6 Bc6 37.
Be7 Rc8 38. Kf2 Kf7 39. Ke3+ Ke6 40. g4 Kd7 41. Rf7 Rg8 42. Kxd3 Bd5 43. Rf2 Kc6 44. Rc2+ Kd7 45. Kd4 Bc6 46. h5 g6 47. h6 Rh8 48.
g5 Rh7 49. Ke5 Rf7 50. Bf6 a6 51. Rh2 Rh7 52. Bg7 a5 53. Rf2 b5 54. Rf7+ Ke8 55.
Re7+ Kd8 56. Kf6 b4 57. axb4 axb4 58. Kxg6 Be4+ 59. Rxe4 b3 60. Kxh7 b2 61. Bxb2 Kd7 62.
Be5 Ke6 63. Bf4+ Kd7 64. Kg6 Kd8 65. Re7 1-0

[Event "*** Titled Tuesday 3|2 Blitz"]
[Site "Chess.com"]
[Date "2016.10.04"]
[Round "7"]
[White "chito89"]
[Black "psv98"]
[Result "0-1"]
[WhiteElo "2554"]
[BlackElo "2601"]
[TimeControl "180+2"]
[EndTime "18:32:30 PDT"]
[Termination "psv98 won by resignation"]

1. e4 Nf6 2. e5 Nd5 3. d4 d6 4. c4 Nb6 5. exd6 cxd6 6. Be3 g6 7.
Nc3 Bg7 8. b3 O-O 9. Rc1 Nc6 10.
Be2 Bf5 11. Nf3 Nd7 12. O-O Bg4 13. d5 Bxf3 14. Bxf3 Nce5 15. Be2 Nf6 16. Bd4 Ned7 17. Re1 Ne8 18. Bf1 Bxd4 19. Qxd4 Ng7 20. Bd3 Re8 21.
Re3 Qb6 22. Qh4 e5 23. dxe6 Rxe6 24. Nd5 Qd8 25. Qd4 Rxe3 26. Qxe3 Nf6 27. Be4 Nxd5 28. Bxd5 Qd7 29. Qf3 Rb8 30. Re1 b6 31. Bc6 Qc7 32. h4 Rc8 33. Bd5 Re8 34. Rxe8+ Nxe8 35. h5 Qe7 36. h6 Nf6 37. g3 Qe5 38. Bc6 Kf8 39.
Qd3 Ng8 40. Qd2 Ke7 41. Kg2 Nf6 42. Bf3 g5 43. Qd1 Ng8 44. Qd3 Nf6 45. g4 Ke6 46. b4 Qf4 47. Qe2+ Qe5 48. Qd1 Qf4 49. c5 bxc5 50. bxc5 dxc5 51. Qd8 c4 52. Qc8+ Ke5 53. Qb8+ Kd4 54. Qxa7+ Kd3 55. Qxf7 c3 56. Qb3 Kd4 57.
Qa4+ Kd3 58. Qd1+ Kc4 59. Qb3+ Kd3 60. a4 Qe5 61. Qd1+ Kc4 62. Qb1 Nd5 63. Qb5+ Kd4 64. a5 Nf4+ 0-1

[Event "*** Titled Tuesday 3|2 Blitz"]
[Site "Chess.com"]
[Date "2016.10.04"]
[Round "7"]
[White "hardingstoptry"]
[Black "Mornar1951"]
[Result "1/2-1/2"]
[WhiteElo "2484"]
[BlackElo "2584"]
[TimeControl "180+2"]
[EndTime "18:32:35 PDT"]
[Termination "Game drawn - insufficient material"]

1. Nf3 d5 2. g3 g6 3. Bg2 Bg7 4.
O-O Nf6 5. c4 O-O 6. cxd5 Nxd5 7.
Nc3 Nc6 8. Nxd5 Qxd5 9. d3 a5 10. Bf4 Qb5 11. Rb1 e5 12. a4 Qa6 13. Bd2 Nd4 14.
Nxd4 exd4 15. b4 axb4 16. Bxb4 Re8 17. a5 Bg4 18. Re1 c6 19. h3 Be6 20. Qc1 Rac8 21.
Bd2 Bd5 22. Bxd5 cxd5 23. Qd1 Qe6 24. e4 dxe3 25. Rxe3 Qd7 26. Rxe8+ Rxe8 27. Qb3 Qxh3 28.
Qxd5 Re7 29. Bf4 Qd7 30. Qc4 h5 31. Be3 Qc7 32. Qd5 Rd7 33. Qb5 Qd6 34. d4 Qd5 35.
Qb4 h4 36. Qc5 hxg3 37. Qxd5 gxf2+ 38. Kxf2 Rxd5 39. Rxb7 Rxa5 40. Kf3 f5 41. Rb8+ Kf7 42. Rb7+ Kf8 43. Rb8+ Ke7 44. Rb7+ Kf6 45. Rb6+ Kf7 46. Rb7+ Kg8 47. Rb8+ Kh7 48. Rb7 Rd5 49. Bg5 Kg8 50. Rb8+ Kf7 51. Rb7+ Kg8 52. Rb8+ Kh7 53. Rb7 Rd6 54.
Bf4 Rxd4 55. Be5 Re4 56. Rxg7+ Kh6 57. Re7 g5 58. Bf6 g4+ 59. Kg3 Rxe7 60. Bxe7 Kg6 61. Kf4 g3 62. Kxg3 f4+ 63. Kxf4 1/2-1/2

[Event "*** Titled Tuesday 3|2 Blitz"]
[Site "Chess.com"]
[Date "2016.10.04"]
[Round "7"]
[White "Paralinch"]
[Black "dretch"]
[Result "1/2-1/2"]
[WhiteElo "2626"]
[BlackElo "2659"]
[TimeControl "180+2"]
[EndTime "18:32:49 PDT"]
[Termination "Game drawn by repetition"]

1. e4 e6 2. d4 d5 3. exd5 exd5 4. Nf3 Bd6 5. c4 Nf6 6. Nc3 dxc4 7. Bxc4 O-O 8. O-O Nc6 9. h3 h6 10. Re1 Bf5 11. Ne5 Bxe5 12. dxe5 Qxd1 13. Nxd1 Nd7 14. f4 Nc5 15. Be3 Nd3 16. Bxd3 Bxd3 17. Nf2 Bb5 18. Ne4 Rfd8 19. Rac1 Rac8 20. a4 Bxa4 21. Nc5 Bb5 22. Nxb7 Rd3 23. Nc5 Rdd8 24. Rc3 Ne7 25. Ra3 Nc6 26. Kf2 Rd5 27. Rc1 a5 28. Ne4 Rd3 29.
Rc5 Rxa3 30. bxa3 Bd3 31. Nc3 Ne7 32. Rxa5 Rb8 33. Bc5 Nc6 34. Ra4 Rb3 35. Nd5 Rb5 36.
Ne7+ Nxe7 37. Bxe7 Rb2+ 38. Ke3 Bf1 39. g3 Rb3+ 40.
Kf2 Bxh3 41. Rc4 Rb2+ 42. Ke3 Rb3+ 43. Kf2 Rb2+ 44. Ke1 Rb3 45. Rxc7 Rxg3 46. a4 Rg1+ 47. Kf2 Ra1 48. Ra7 Be6 49. a5 Bc4 50. f5 Rf1+ 51.
Ke3 Rxf5 52. Kd4 Rf4+ 53. Kc5 Bf1 54. a6 Ra4 55. Ra8+ Kh7 56. Kb6 Kg6 57. a7 Bg2 58. Rg8 Bd5 59. Bf6 Kf5 60. Rxg7 Ra2 61. Rg8 Ra3 62.
Rd8 Be4 63. Rh8 Kg6 64. Rg8+ Kf5 65. Rg7 Bd5 66. Kc5 Ra5+ 67. Kb6 Ra2 68. Rg1 Ke6 69. Rd1 Rb2+ 70. Kc5 Rc2+ 71. Kb6 Rb2+ 72. Kc5 Rc2+ 73. Kb6 Rb2+ 74. Kc5 Rc2+ 75. Kb6 Rb2+ 76. Kc5 Rc2+ 1/2-1/2

[Event "*** Titled Tuesday 3|2 Blitz"]
[Site "Chess.com"]
[Date "2016.10.04"]
[Round "7"]
[White "Iball95"]
[Black "GianmarcoVaR"]
[Result "0-1"]
[WhiteElo "2476"]
[BlackElo "2394"]
[TimeControl "180+2"]
[EndTime "18:32:49 PDT"]
[Termination "GianmarcoVaR won by resignation"]

1. d4 Nf6 2. c4 e6 3. Nc3 Bb4 4.
e3 O-O 5. Ne2 d5 6. a3 Bd6 7.
Ng3 c6 8. b4 Nbd7 9. Bb2 a5 10.
c5 Bc7 11. f4 axb4 12. axb4 Rxa1 13. Bxa1 b6 14. Bd3 Bb7 15. O-O Qa8 16. Bb2 bxc5 17. bxc5 Ba6 18. Qe2 Bxd3 19. Qxd3 Rb8 20. Ra1 Qb7 21.
Bc1 Qb3 22. Rb1 Qc4 23. Rxb8+ Nxb8 24. Qxc4 dxc4 25. e4 Ba5 26. Bd2 Na6 27. e5 Nd5 28. Nxd5 Bxd2 29. Ne7+ Kf8 30. Nxc6 Bxf4 31. Ne4 Ke8 32. Kf2 Kd7 33. Na5 c3 34. c6+ Kc7 35. Nxc3 Bd2 36. Nb5+ Kb6 37. c7 Nxc7 38. Nxc7 Kxc7 39.
Nc4 Bc1 40. Kf3 Kd7 41. Ke4 Kc6 42. g4 Kd7 43. h4 Ke7 44. Na5 Bd2 45. Nb3 Bb4 46.
Nc1 Kd7 47. Nd3 Be7 48. h5 Bg5 49. Nc5+ Kc6 50. Nd3 g6 51. Nf2 Kd7 52. Nh3 Bc1 53. Ng1 Ke7 54. Nf3 Kf8 55. Kd3 Kg7 56. hxg6 fxg6 57.
Ke4 Kf7 58. Ne1 Bg5 59. Nd3 Be7 60. Nf4 Bg5 61. Ne2 Bd2 62. Kd3 Bg5 63. Nc3 Be7 64.
Ke4 Kg7 65. Kf3 Kh6 66. Ne4 Kg7 67. Kf4 h6 68. Nd2 Bg5+ 69. Kg3 Bxd2 0-1